Map: Arctic Dream LE

Players

Massa - Winner!

  • Race: Terran Terran
  • League: Platinum
  • Spawn Location: 12:00

qqq - Winner!

  • Race: Zerg Zerg
  • League: Platinum
  • Spawn Location: 11:00

Orimek

  • Race: Protoss Protoss
  • Spawn Location: 5:00

Touckit

  • Race: Protoss Protoss
  • Spawn Location: 6:00

VOD

Have the link to the VOD?

Description

Time

  • Played on: Nov. 27, 2020, 5:51 p.m.
  • Length: 10:27
Show
View Real Time Build Order
Export as new Build Order

Massa Terran - Winner!

Build Orders:  

Get SALT Encoding   

  12  0:00  SCV  
  13  0:12  SCV  
  14  0:17  Supply Depot  
  14  0:24  SCV  
  15  0:39  SCV  
  15  0:40  Barracks  
  16  0:47  Refinery  
  16  0:51  SCV  
  17  1:03  SCV  
  18  1:06  Supply Depot  
  18  1:15  SCV  
  19  1:27  SCV  
  21  1:32  Reaper  
  21  1:46  Command Center  
  21  2:01  Orbital Command  
  21  2:05  Marine  
  22  2:12  Factory  
  22  2:25  Supply Depot  
  22  2:26  SCV  
  22  3:01  Factory Tech Lab  
  22  3:02  Barracks Tech Lab  
  22  3:10  Starport  
  22  3:16  Command Center  
  22  3:21  Orbital Command  
  22  3:23  SCV  
  23  3:28  Engineering Bay  
  23  3:35  SCV  
  23  3:36  Widow Mine  
  23  3:37  Marine  
  27  3:45  Barracks  
  27  3:49  Medivac  
  27  3:53  SCV x2  
  27  3:54  Marine  
  32  3:59  Refinery  
  32  4:00  Widow Mine  
  34  4:12  Marine  
  34  4:13  Missile Turret  
  35  4:18  SCV x2, Missile Turret  
  37  4:30  SCV x3  
  40  4:42  SCV x2  
  42  4:50  Siege Tank  
  42  4:51  Marine x2  
  47  5:09  Marine x2  
  49  6:09  Marauder  
  52  6:13  Barracks Reactor  
  52  6:17  SCV x2  
  53  6:29  SCV x2  
  53  6:30  Marauder  
  57  6:34  Stimpack  
  57  6:41  Barracks x2  
  57  6:42  Barracks  
  57  6:44  Factory  
  57  6:49  Barracks  
  57  6:51  Refinery, Marine  
  57  6:54  Armory  
  58  6:57  Ghost Academy  
  58  6:58  Orbital Command  
  58  7:00  SCV x2  
  60  7:12  SCV x2  
  62  7:24  SCV  
  62  7:28  SCV x2  
  65  7:32  Siege Tank  
  65  7:36  SCV  
  69  7:37  Barracks Reactor, Barracks Tech Lab  
  69  7:38  Barracks Tech Lab  
  69  7:47  Refinery, Supply Depot x2  
  69  7:48  Supply Depot  
  69  7:49  Supply Depot  
  69  7:51  Refinery  
  69  7:52  Terran Infantry Weapons Level 1  
  69  7:53  Refinery, Factory Tech Lab  
  69  7:56  Barracks Reactor  
  69  8:08  Marine x2  
  69  8:09  SCV x3, Siege Tank  
  77  8:13  Supply Depot  
  77  8:14  Supply Depot  
  77  8:15  Supply Depot  
  77  8:16  Supply Depot  
  77  8:21  SCV x3  
  77  8:26  Marine  
  81  8:33  SCV  
  82  8:44  SCV x2  
  82  8:45  SCV  
  82  8:48  Siege Tank x2  
  91  8:52  Marauder x2  
  91  8:53  Marauder, Marine x3  
  91  8:54  Marine  
  101  8:56  SCV  
  102  9:14  Marauder x2  
  102  9:17  Starport Reactor, Command Center  
  100  9:20  Siege Tank x2  
  100  9:21  Ghost  
  100  9:23  Marine x5  
  100  9:24  Marine  
  114  9:34  Ghost  
  114  9:35  Marine  
  117  9:41  Marine  
  118  10:01  SCV x3  
  118  10:04  Command Center  
  121  10:09  Command Center  
  121  10:13  SCV x3  
  124  10:17  Command Center  
Show
View Real Time Build Order
Export as new Build Order

qqq Zerg - Winner!

Build Orders: Hatch First 

Get SALT Encoding   

  12  0:00  Drone  
  13  0:08  Drone  
  14  0:19  Overlord  
  14  0:46  Hatchery  
  13  0:55  Extractor, Drone  
  13  0:56  Drone  
  14  1:01  Drone  
  15  1:13  Extractor  
  15  1:15  Drone  
  15  1:26  Spawning Pool  
  15  1:31  Drone  
  15  1:35  Drone  
  16  1:44  Drone  
  17  1:53  Drone  
  18  1:58  Drone  
  18  2:00  Drone  
  20  2:14  Drone, Metabolic Boost  
  21  2:19  Drone, Baneling Nest  
  21  2:21  Drone  
  22  2:23  Drone  
  23  2:31  Queen  
  23  2:36  Drone  
  26  2:47  Queen  
  26  2:51  Overlord  
  28  2:54  Overlord  
  28  3:10  Zergling x4  
  28  3:12  Zergling x6  
  33  3:16  Zergling x2  
  34  3:25  Zergling x2  
  35  3:37  Baneling x5  
  35  3:38  Hatchery  
  35  3:39  Baneling  
  35  3:40  Zergling x4  
  36  3:45  Drone  
  36  3:47  Overlord  
  37  3:49  Zergling x2  
  37  3:53  Zergling x2  
  37  3:55  Zergling x2  
  40  3:57  Zergling x2  
  41  4:04  Spore Crawler  
  41  4:07  Zergling x2  
  41  4:08  Zergling x2  
  41  4:09  Zergling x2  
  43  4:13  Zergling x2  
  43  4:15  Zergling x2  
  45  4:18  Zergling x2  
  45  4:19  Zergling x2  
  45  4:23  Zergling x2  
  48  4:24  Zergling x2  
  48  4:27  Zergling x2  
  50  4:39  Zergling x2  
  48  4:52  Zergling x4  
  50  4:53  Zergling x10  
  51  5:11  Zergling x8  
  50  5:18  Queen  
  50  5:19  Drone  
  50  5:20  Drone x2  
  53  6:03  Zergling x10  
  53  6:04  Zergling x6  
  54  6:15  Zergling x4  
  54  6:16  Zergling x8  
  47  6:42  Lair  
  47  6:52  Drone x6  
  47  6:53  Drone x2  
  55  7:01  Hatchery  
  54  7:04  Hatchery  
  53  7:09  Zergling x6  
  53  7:13  Hatchery  
  54  7:21  Baneling x2  
  54  7:22  Baneling x4  
  54  7:23  Zergling x2  
  54  7:24  Zergling x6  
  55  7:54  Zergling x2  
  55  7:55  Zergling x4  
  55  7:56  Overlord x4  
  55  7:57  Overlord x2  
  54  8:10  Zergling x10  
  54  8:11  Zergling x8  
  50  8:30  Zergling x4  
  50  8:31  Drone x3, Zergling x4  
  50  8:32  Drone x2, Zergling x8  
  50  8:33  Drone, Zergling x8  
  67  8:44  Drone x3  
  67  8:45  Queen  
  72  8:56  Drone x3, Spire  
  72  8:57  Drone  
  72  9:00  Extractor  
  72  9:01  Extractor  
  72  9:02  Drone x2  
  75  9:04  Zergling x2  
  75  9:06  Drone  
  75  9:08  Drone  
  75  9:09  Extractor  
  76  9:23  Drone x2, Zergling x4  
  80  9:24  Drone x5  
  80  9:25  Drone x3  
  83  9:48  Zergling x2  
  83  9:49  Zergling x2  
  83  9:50  Drone x4  
  83  9:51  Drone x2, Overlord x2  
  83  9:52  Drone x2  
  89  9:53  Drone, Zergling x8  
  92  10:01  Zergling x2  
  92  10:02  Drone x2, Zergling x4  
  92  10:03  Drone x3  
Show
View Real Time Build Order
Export as new Build Order

Orimek Protoss 

Build Orders:  

Get SALT Encoding   

  12  0:00  Probe  
  13  0:12  Probe  
  14  0:17  Pylon  
  14  0:24  Probe  
  15  0:37  Probe  
  15  0:40  Gateway  
  16  0:49  Probe, Assimilator  
  17  1:01  Probe  
  18  1:13  Probe  
  19  1:25  Probe  
  20  1:30  Cybernetics Core  
  20  1:34  Pylon  
  20  1:37  Probe  
  20  1:39  Assimilator  
  21  1:49  Probe  
  21  2:04  Warp Gate (Chrono Boost)  
  21  2:05  Probe  
  21  2:07  Nexus  
  22  2:12  Stalker  
  24  2:19  Probe  
  24  2:46  Probe  
  25  2:58  Probe  
  26  3:07  Robotics Facility  
  26  3:08  Gateway  
  26  3:10  Probe, Gateway  
  27  3:14  Assimilator  
  27  3:17  Sentry  
  29  3:22  Probe x2  
  31  3:34  Probe x2  
  32  3:36  Assimilator  
  33  3:46  Probe x2  
  35  3:54  Observer (Chrono Boost)  
  36  3:59  Probe x2  
  38  4:11  Probe x2, Sentry  
  42  4:23  Probe  
  43  4:25  Probe  
  44  4:35  Probe  
  44  4:37  Probe, Assimilator  
  46  4:39  Pylon  
  46  4:46  Forge  
  46  4:50  Pylon  
  46  4:52  Probe  
  46  4:53  Observer  
  46  4:56  Stalker x2  
  42  5:21  Sentry x2  
  4  6:28  Probe (Chrono Boost)  
  6  6:33  Probe (Chrono Boost)  
  6  6:37  Sentry  
  6  6:38  Probe (Chrono Boost)  
  10  6:41  Probe (Chrono Boost)  
  10  6:43  Probe (Chrono Boost)  
  10  6:44  Pylon  
  10  6:46  Probe (Chrono Boost)  
  11  6:47  Pylon  
  11  6:51  Probe  
  11  6:53  Pylon  
  13  6:57  Probe  
  14  7:04  Probe  
  15  7:10  Probe  
  16  7:16  Probe  
  16  7:17  Pylon  
  16  7:18  Pylon  
  16  7:22  Probe, Pylon  
  18  7:28  Probe  
  19  7:34  Probe  
  17  7:40  Probe  
  15  7:58  Probe  
  15  8:10  Probe  
  16  8:22  Probe  
  15  8:34  Probe  
  16  8:44  Probe  
  16  8:47  Probe  
  18  8:59  Probe  
  19  9:11  Probe  
  19  9:12  Sentry  
  22  9:24  Probe (Chrono Boost)  
  23  9:28  Probe (Chrono Boost)  
  24  9:32  Pylon  
  24  9:36  Probe (Chrono Boost)  
  26  9:38  Probe (Chrono Boost)  
  26  9:41  Probe (Chrono Boost)  
  26  9:43  Probe (Chrono Boost)  
  28  9:47  Pylon  
  28  9:49  Sentry  
  28  9:50  Probe  
  31  9:55  Probe  
  32  10:02  Probe  
  33  10:07  Probe  
  31  10:14  Probe  
Show
View Real Time Build Order
Export as new Build Order

Touckit Protoss 

Build Orders:  

Get SALT Encoding   

  12  0:00  Probe  
  13  0:12  Probe  
  14  0:17  Pylon  
  14  0:24  Probe  
  15  0:38  Probe, Gateway  
  16  0:50  Probe  
  16  0:51  Assimilator  
  17  1:02  Probe  
  17  1:04  Assimilator  
  18  1:14  Probe, Gateway  
  19  1:31  Cybernetics Core  
  19  1:34  Pylon  
  19  1:35  Probe  
  20  1:47  Probe  
  21  2:00  Probe  
  22  2:07  Warp Gate (Chrono Boost)  
  22  2:08  Stalker x2  
  24  2:12  Probe  
  27  2:34  Nexus  
  27  2:37  Probe  
  28  3:05  Probe  
  29  3:14  Sentry  
  29  3:18  Pylon  
  31  3:23  Pylon  
  31  3:36  Probe  
  31  3:39  Pylon  
  32  3:48  Probe  
  32  3:50  Shield Battery  
  33  3:59  Forge  
  33  4:00  Probe  
  34  4:05  Twilight Council, Zealot  
  34  4:06  Zealot  
  34  4:09  Probe  
  39  4:13  Probe  
  39  4:14  Pylon  
  40  4:21  Probe  
  41  4:25  Probe, Shield Battery  
  41  4:29  Protoss Ground Weapons Level 1 (Chrono Boost), Pylon  
  42  4:33  Probe  
  42  4:34  Pylon  
  42  4:37  Probe  
  44  4:45  Probe  
  45  4:47  Templar Archives  
  45  4:55  Stalker x2  
  43  5:19  Sentry  
  43  5:21  Zealot  
  39  5:31  Photon Cannon  
  39  5:35  Shield Battery  
  39  5:36  Probe x2  
  39  5:39  Pylon  
  41  5:44  Sentry x2  
  41  5:48  Probe x2  
  47  6:00  Probe x2, Psionic Storm  
  41  6:12  Probe  
  41  6:13  Probe, Stalker  
  41  6:15  High Templar  
  47  6:24  Probe  
  47  6:25  Probe  
  49  6:47  Shield Battery  
  49  6:48  Photon Cannon  
  49  6:49  Protoss Ground Armor Level 1 (Chrono Boost)  
  49  6:51  Pylon  
  49  6:52  Assimilator  
  49  6:53  Sentry  
  51  6:54  Assimilator, Sentry  
  53  7:14  Shield Battery  
  48  7:17  Pylon  
  48  7:18  Photon Cannon  
  48  7:22  Photon Cannon  
  48  7:23  Photon Cannon  
  48  7:26  Probe x2 (Chrono Boost), Photon Cannon  
  50  7:34  High Templar  
  50  7:35  Probe x2 (Chrono Boost)  
  54  7:40  Probe x2 (Chrono Boost)  
  54  7:41  Stalker  
  58  7:52  Probe x2  
  60  8:04  Probe x2  
  58  8:11  Sentry x2  
  60  8:44  Stalker x2  
  64  8:53  Probe x2  
  66  9:05  Probe x2  
  66  9:08  Photon Cannon  
  68  9:17  Probe x2  
  70  9:29  Probe x2  
  72  9:36  Sentry  
  72  9:37  Sentry  
  76  9:41  Probe  
  76  9:42  Probe  
  70  10:04  Gateway  
  70  10:07  Gateway  
  70  10:08  Gateway  
  70  10:10  Gateway  
  70  10:13  Pylon  
  58  10:16  Stalker x2  
Tags
 
Add a new tag
Caveats
  • Supply blocks, unpowered buildings, or Contaminate may cause inaccurate times.
  • Supply counts are checked every 10 seconds.